 Dungeon Crawl Stone Soup version 0.21-a0-329-g12f17e1 (webtiles) character file.

47 vishdafish the Charmwright (level 3, 17/27 HPs)
             Began as a Demonspawn Skald on Oct 1, 2017.
             Quit the game on level 2 of the Dungeon.
             The game lasted 00:01:16 (1029 turns).

vishdafish the Charmwright (Demonspawn Skald)       Turns: 1029, Time: 00:01:17

Health: 17/27      AC:  4    Str: 11    XL:     3   Next: 48%
Magic:  1/6        EV: 17    Int: 15    God:
Gold:   29         SH:  0    Dex: 17    Spells: 5/6 levels left

rFire    . . .     SeeInvis .   a - +0 spear
rCold    . . .     Gourm    .   (no shield)
rNeg     . . .     Faith    .   b - +0 leather armour
rPois    .         Spirit   .   (no helmet)
rElec    .         Reflect  .   (no cloak)
rCorr    .         Harm     .   (no gloves)
MR       .....                  k - +0 pair of boots
Stlth    +++.......             (no amulet)
HPRegen  0.09/turn              (no ring)
MPRegen  0.10/turn              (no ring)

@: agile, very slightly contaminated, invisible (expiring)
A: hooves 1, nightstalker 1
a: no special abilities


You were on level 2 of the Dungeon.
You were not hungry.

You visited 1 branch of the dungeon, and saw 2 of its levels.

You collected 29 gold pieces.

Inventory:

Hand Weapons
 a - a +0 spear (weapon)
Armour
 b - a +0 leather armour (worn)
 k - a +0 pair of boots (worn)
Scrolls
 e - 2 scrolls of identify {unknown}
 j - a scroll of enchant armour {unknown}
Potions
 g - a potion of invisibility
 i - a potion of agility
Books
 c - a book of Battle

   Spells                             Type                      Level
   a - Infusion                       Charms                       1
   b - Shroud of Golubria             Charms/Translocation         2
   c - Song of Slaying                Charms                       2
   d - Spectral Weapon                Hexes/Charms                 3
   e - Regeneration                   Charms/Necromancy            3
Comestibles
 d - 4 bread rations
 h - 2 meat rations


   Skills:
 - Level 2.2 Fighting
 + Level 2.3 Polearms
 * Level 1.8 Armour
 - Level 2.0 Dodging
 - Level 2.0 Spellcasting
 - Level 3.0 Charms


You had 5 spell levels left.
You knew the following spells:

 Your Spells              Type           Power        Failure   Level  Hunger
a - Infusion              Chrm           ##..         9%          1    #......


Dungeon Overview and Level Annotations

Branches:
Dungeon (2/15)

Altars:


Innate Abilities, Weirdness & Mutations

You have large cloven feet.
You are slightly more attuned to the shadows.


Message History

The worker ant is almost dead.
The worker ant bites you. The worker ant closely misses you.
You catch the helpless worker ant completely off-guard!
You hit the worker ant.
You kill the worker ant!
You have reached level 3!
Your experience leads to an increase in your attributes!
Your base attributes are Str 11, Int 14, Dex 12.
Increase (S)trength, (I)ntelligence, or (D)exterity?
You feel clever.
Your demonic ancestry asserts itself...
You slip into the darkness of the dungeon.
You start resting.
You are no longer magically infusing your attacks.
You start resting.
You flicker for a moment.
Casting: Infusion
Confirm with . or Enter, or press ? or * to list all spells.
Okay, then.
Are you sure you want to abandon this character and quit the game? (Confirm with "yes".)

..##.#..#...... ...
...... >. #.#..####.#
#..# ##.#.......###..#
# .................#.#
#
###.######..##...#.#.#.
#. #..##......... #.
#...........#.
#.............
##.##.@.......
...##.........
######..#....#.
#......... ........#.
###........ #...#..#.
##..#..#


There were no monsters in sight!

Vanquished Creatures
  A worker ant (D:2)
  A worm (D:2)
  A dart slug (D:1)
  3 leopard geckos
  A bat (D:2)
  A goblin (D:1)
  3 kobolds
  A frilled lizard (D:1)
  3 rats
15 creatures vanquished.

Notes
Turn   | Place    | Note
-------+----------+-------------------------------------------
     0 | D:1      | vishdafish the Demonspawn Skald began the quest for the Orb.
     0 | D:1      | Reached XP level 1. HP: 16/16 MP: 3/3
   262 | D:1      | Gained mutation: You have large cloven feet. [demonic ancestry]
   262 | D:1      | Reached XP level 2. HP: 22/22 MP: 5/5
   327 | D:1      | Reached skill level 3 in Charms
   755 | D:2      | Reached skill level 1 in Armour
  1023 | D:2      | Gained mutation: You are slightly more attuned to the shadows. [demonic ancestry]
  1023 | D:2      | Reached XP level 3. HP: 16/27 MP: 0/6
  1029 | D:2      | Quit the game

Vault maps used:
D:1:      nicolae_arrival_memento_mori

Skill      XL: |  1  2 |
---------------+-------+-----
Charms         | 3 |  3.0
Polearms       | 2 |  2.3
Armour         | 1 |  1.8
Dodging        | 2 |  2.0
Fighting       | |  2.2
Spellcasting   | |  2.0

Action                   || total
-------------------------++-------
Melee: Spear             ||    65
       Kick              ||     1
 Cast: Infusion          ||     2
  Use: Potion            ||     3
 Stab: Sleeping          ||     1
       Invisible         ||     2
Armor: Leather armour    ||    10
Dodge: Dodged            ||    32

Table legend:
 A = Spawn XP
 B = Non-spawn XP
 C = Spawn XP percentage of total XP
 D = Spawn monster count
 E = Non-spawn monster count
 F = Spawn count percentage of total count
 G = Total turns spent on level
                    A         B        C        D         E        F      G
               +---------+---------+-------+---------+---------+-------+---------
         Total |       0 |      68 |   0.0 |       0 |      15 |   0.0 |  1029
               +---------+---------+-------+---------+---------+-------+---------
           D:1 |       0 |      16 |   0.0 |       0 |       8 |   0.0 |   616
           D:2 |       0 |      52 |   0.0 |       0 |       7 |   0.0 |   413
               +---------+---------+-------+---------+---------+-------+---------
